[ AOE2 MATCH · #482223230 ]
UnrankedMongols vs Poles
[ REPLAY ANALYSIS · EXTRACTED FROM THE RECORDED GAME ]
Feudal
—
Castle
—
Imperial
—
| APM avg | 25.8 |
| APM peak | 146 |
| eAPM avg | 15.0 |
| Villagers / military | 75 / 444 |
Focus
⚔️ 47.8% · 🌾 52.2%
Cavalry Archer ×412 · Trade Cart ×69 · Archer ×16 · Trebuchet (Packed) ×5 · Militia ×4 · Scout Cavalry ×4
Feudal
11:04
Castle
18:11
Imperial
39:59
| APM avg | 13.5 |
| APM peak | 66 |
| eAPM avg | 9.3 |
| Villagers / military | 114 / 99 |
Focus
⚔️ 23.1% · 🌾 76.9%
Spearman ×34 · Archer ×33 · Trebuchet (Packed) ×17 · Berserk ×15 · Trade Cart ×9
Feudal
13:14
Castle
20:07
Imperial
36:31
| APM avg | 12.1 |
| APM peak | 50 |
| eAPM avg | 10.8 |
| Villagers / military | 174 / 352 |
Focus
⚔️ 49.8% · 🌾 50.2%
Scout Cavalry ×325 · Trebuchet (Packed) ×19 · Obuch ×7 · Trade Cart ×2 · Monk ×1
Feudal
—
Castle
—
Imperial
—
| APM avg | 26.7 |
| APM peak | 108 |
| eAPM avg | 17.6 |
| Villagers / military | 129 / 512 |
Focus
⚔️ 32.6% · 🌾 67.4%
Spearman ×318 · Hussite Wagon ×179 · Trade Cart ×19 · Petard ×15
Feudal
—
Castle
—
Imperial
—
| APM avg | 17.3 |
| APM peak | 95 |
| eAPM avg | 12.1 |
| Villagers / military | 69 / 180 |
Focus
⚔️ 25.8% · 🌾 74.2%
Knight ×165 · Archer ×8 · Skirmisher ×3 · Fishing Ship ×3 · Spearman ×2 · Scout Cavalry ×2
Feudal
—
Castle
—
Imperial
—
| APM avg | 24.3 |
| APM peak | 77 |
| eAPM avg | 17.9 |
| Villagers / military | 188 / 242 |
Focus
⚔️ 29.6% · 🌾 70.4%
Conquistador ×106 · Spearman ×81 · Militia ×46 · Trade Cart ×13 · Trebuchet (Packed) ×5 · Monk ×2
Match map
Initial resources + every placement click. Lines = walls · curves = elevation contours. ◆ gold · ⬟ stone · ● berries · ✦ relic · ◌ wall gap
Your base· ✓ Closed at 22:31 · 29t walls · no gate
pablo.o.tabernero's base· ✓ Closed at 18:11 · 11t walls · no gate
ClutchCroatian91's base· Open — opponent sealed themselves in
Breaker3E's base· Open — opponent sealed themselves in
Maxi Greco32's base· ✓ Closed at 24:33 · 57t walls · 1 gate(s)
Slender210's base· Open — opponent sealed themselves in
Smoothed initial terrain · ◌ = detected wall gap · hover for details
Inputs per minute
— GRECOCHI32 - - pablo.o.tabernero
Build order — GRECOCHI32
First 150 of 747 actions detected
| 0:00 | Create | Villager (Male) |
| 0:01 | Create | Villager (Male) |
| 0:01 | Create | Villager (Male) |
| 0:01 | Create | Villager (Male) |
| 0:02 | Research | Loom |
| 0:02 | Research | Loom |
| 0:04 | Build | House |
| 0:05 | Build | House |
| 1:55 | Create | Villager (Male) |
| 2:32 | Build | Palisade Wall |
| 2:41 | Create | Villager (Male) |
| 3:24 | Create | Villager (Male) |
| 3:24 | Create | Villager (Male) |
| 3:24 | Create | Villager (Male) |
| 3:25 | Create | Villager (Male) |
| 4:16 | Create | Villager (Male) |
| 4:52 | Build | Mill |
| 4:57 | Create | Villager (Male) |
| 5:49 | Create | Villager (Male) |
| 5:49 | Create | Villager (Male) |
| 5:50 | Create | Villager (Male) |
| 5:53 | Build | House |
| 6:24 | Build | Lumber Camp |
| 6:59 | Create | Villager (Male) |
| 7:02 | Build | House |
| 7:36 | Create | Villager (Male) |
| 7:57 | Create | Villager (Male) |
| 8:23 | Build | Mill |
| 8:25 | Create | Villager (Male) |
| 9:24 | Create | Villager (Male) |
| 9:26 | Research | Feudal Age |
| 9:59 | Build | Mining Camp |
| 10:10 | Build | Mining Camp |
| 11:44 | Build | House |
| 11:45 | Build | House |
| 11:46 | Build | House |
| 11:51 | Create | Villager (Male) |
| 12:08 | Research | Wheelbarrow |
| 12:11 | Research | Double-Bit Axe |
| 12:13 | Research | Gold Mining |
| 12:15 | Create | Villager (Male) |
| 12:25 | Research | Town Watch |
| 12:26 | Create | Villager (Male) |
| 12:34 | Build | Market |
| 13:50 | Create | Trade Cart |
| 14:04 | Build | Blacksmith |
| 14:25 | Build | Stone Wall |
| 14:36 | Create | Villager (Male) |
| 15:12 | Build | Barracks |
| 15:30 | Build | Stone Wall |
| 16:16 | Research | Man-at-Arms (upgrade) |
| 16:16 | Create | Militia |
| 16:17 | Create | Militia |
| 16:17 | Create | Militia |
| 16:17 | Create | Militia |
| 16:22 | Build | Stable |
| 16:36 | Research | Forging |
| 16:37 | Research | Scale Mail Armor |
| 16:40 | Research | Scale Barding Armor |
| 16:42 | Create | Villager (Male) |
| 16:42 | Create | Villager (Male) |
| 17:21 | Research | Bloodlines |
| 17:25 | Create | Scout Cavalry |
| 17:25 | Create | Scout Cavalry |
| 17:38 | Create | Villager (Male) |
| 17:40 | Create | Villager (Male) |
| 17:42 | Create | Scout Cavalry |
| 17:42 | Create | Scout Cavalry |
| 18:35 | Build | Farm |
| 18:36 | Build | Farm |
| 18:37 | Build | Farm |
| 18:38 | Build | Farm |
| 18:39 | Build | Farm |
| 18:41 | Build | Farm |
| 18:41 | Build | Farm |
| 18:43 | Build | Farm |
| 18:45 | Build | Farm |
| 18:46 | Build | Farm |
| 18:47 | Create | Villager (Male) |
| 18:48 | Create | Villager (Male) |
| 20:04 | Create | Villager (Male) |
| 20:04 | Create | Villager (Male) |
| 20:07 | Create | Trade Cart |
| 20:07 | Create | Trade Cart |
| 20:30 | Research | Fletching |
| 20:30 | Research | Padded Archer Armor |
| 20:36 | Build | House |
| 20:38 | Build | House |
| 20:38 | Build | House |
| 20:38 | Build | House |
| 20:38 | Build | House |
| 20:39 | Build | House |
| 20:39 | Build | House |
| 20:45 | Build | Farm |
| 20:51 | Create | Villager (Male) |
| 21:09 | Build | House |
| 21:10 | Build | House |
| 21:15 | Create | Villager (Male) |
| 21:24 | Create | Trade Cart |
| 21:25 | Create | Trade Cart |
| 21:40 | Create | Villager (Male) |
| 21:50 | Build | Mining Camp |
| 22:15 | Create | Villager (Male) |
| 22:31 | Research | Castle Age |
| 23:39 | Build | Lumber Camp |
| 23:50 | Build | Archery Range |
| 23:51 | Build | Archery Range |
| 23:55 | Create | Trade Cart |
| 24:02 | Research | Padded Archer Armor |
| 24:42 | Create | Villager (Male) |
| 24:49 | Research | Stone Mining |
| 24:52 | Build | Mining Camp |
| 25:02 | Build | Farm |
| 25:22 | Create | Villager (Male) |
| 25:30 | Create | Cavalry Archer |
| 25:30 | Create | Cavalry Archer |
| 25:30 | Create | Cavalry Archer |
| 25:31 | Create | Cavalry Archer |
| 25:41 | Research | Caravan |
| 25:42 | Create | Trade Cart |
| 25:50 | Build | Town Center |
| 25:57 | Create | Villager (Male) |
| 26:06 | Create | Villager (Male) |
| 26:27 | Research | Town Patrol |
| 26:53 | Create | Trade Cart |
| 27:03 | Research | Husbandry |
| 27:24 | Research | Bloodlines |
| 27:38 | Build | Farm |
| 27:39 | Build | Farm |
| 27:42 | Create | Villager (Male) |
| 27:45 | Create | Cavalry Archer |
| 27:45 | Create | Cavalry Archer |
| 27:45 | Create | Cavalry Archer |
| 27:56 | Build | Farm |
| 27:59 | Create | Trade Cart |
| 28:02 | Create | Trade Cart |
| 28:08 | Create | Villager (Male) |
| 28:36 | Create | Villager (Male) |
| 28:49 | Create | Villager (Male) |
| 28:54 | Create | Villager (Male) |
| 28:55 | Create | Villager (Male) |
| 28:56 | Create | Villager (Male) |
| 29:00 | Create | Trade Cart |
| 29:14 | Create | Villager (Male) |
| 29:18 | Build | Mining Camp |
| 29:33 | Build | Farm |
| 29:34 | Create | Villager (Male) |
| 29:41 | Create | Trade Cart |
| 30:03 | Build | Farm |
| 30:05 | Create | Villager (Male) |
Build order — pablo.o.tabernero
First 150 of 362 actions detected
| 0:09 | Create | Villager (Male) |
| 0:09 | Create | Villager (Male) |
| 0:10 | Create | Villager (Male) |
| 0:14 | Build | House |
| 0:39 | Create | Villager (Male) |
| 0:40 | Create | Villager (Male) |
| 1:13 | Build | Palisade Wall |
| 2:10 | Build | House |
| 2:12 | Create | Villager (Male) |
| 2:12 | Create | Villager (Male) |
| 3:01 | Build | Lumber Camp |
| 3:02 | Create | Villager (Male) |
| 3:02 | Create | Villager (Male) |
| 3:02 | Create | Villager (Male) |
| 3:29 | Create | Villager (Male) |
| 3:49 | Create | Villager (Male) |
| 5:17 | Create | Villager (Male) |
| 5:17 | Create | Villager (Male) |
| 5:17 | Create | Villager (Male) |
| 5:43 | Build | House |
| 5:49 | Create | Villager (Male) |
| 6:52 | Create | Villager (Male) |
| 6:52 | Create | Villager (Male) |
| 6:52 | Create | Villager (Male) |
| 6:52 | Create | Villager (Male) |
| 7:29 | Build | House |
| 7:58 | Build | Mill |
| 8:38 | Build | Farm |
| 8:39 | Build | Farm |
| 8:39 | Build | Farm |
| 8:40 | Build | Farm |
| 8:54 | Research | Feudal Age |
| 10:33 | Build | Mining Camp |
| 10:38 | Create | Villager (Male) |
| 10:38 | Create | Villager (Male) |
| 10:38 | Create | Villager (Male) |
| 11:04 | Age | Feudal Age |
| 11:05 | Research | Double-Bit Axe |
| 11:07 | Research | Horse Collar |
| 12:11 | Build | Blacksmith |
| 12:21 | Create | Villager (Male) |
| 12:22 | Create | Villager (Male) |
| 12:22 | Create | Villager (Male) |
| 12:22 | Create | Villager (Male) |
| 12:22 | Create | Villager (Male) |
| 12:29 | Build | House |
| 12:44 | Build | Farm |
| 12:45 | Build | Farm |
| 13:23 | Build | Farm |
| 13:24 | Build | Farm |
| 14:21 | Build | Market |
| 14:47 | Build | Farm |
| 15:31 | Research | Castle Age |
| 15:36 | Build | Farm |
| 15:36 | Build | Farm |
| 15:52 | Build | Mining Camp |
| 16:40 | Build | Farm |
| 16:42 | Build | Farm |
| 17:05 | Build | House |
| 17:29 | Create | Villager (Male) |
| 17:29 | Create | Villager (Male) |
| 17:29 | Create | Villager (Male) |
| 17:30 | Create | Villager (Male) |
| 17:30 | Create | Villager (Male) |
| 17:30 | Create | Villager (Male) |
| 17:32 | Create | Villager (Male) |
| 18:11 | Age | Castle Age |
| 18:17 | Build | Town Center |
| 18:33 | Research | Gold Mining |
| 18:33 | Research | Stone Mining |
| 18:36 | Research | Bow Saw |
| 18:43 | Research | Heavy Plow |
| 19:33 | Build | Farm |
| 19:36 | Build | Farm |
| 20:17 | Create | Villager (Male) |
| 20:51 | Create | Villager (Male) |
| 20:51 | Create | Villager (Male) |
| 20:52 | Create | Villager (Male) |
| 20:52 | Create | Villager (Male) |
| 20:52 | Create | Villager (Male) |
| 21:00 | Build | Barracks |
| 21:08 | Create | Villager (Male) |
| 21:12 | Create | Villager (Male) |
| 21:33 | Build | House |
| 21:52 | Create | Villager (Male) |
| 21:57 | Create | Villager (Male) |
| 22:13 | Build | House |
| 22:15 | Build | House |
| 22:19 | Build | House |
| 22:21 | Build | House |
| 22:22 | Build | House |
| 22:33 | Research | Pikeman (upgrade) |
| 22:34 | Create | Spearman |
| 22:34 | Create | Spearman |
| 22:34 | Create | Spearman |
| 22:35 | Create | Spearman |
| 22:39 | Create | Spearman |
| 22:59 | Create | Villager (Male) |
| 23:04 | Create | Trade Cart |
| 23:04 | Create | Trade Cart |
| 23:53 | Build | Stone Wall |
| 24:02 | Create | Villager (Male) |
| 24:02 | Create | Villager (Male) |
| 24:11 | Create | Villager (Male) |
| 24:12 | Create | Villager (Male) |
| 24:12 | Create | Villager (Male) |
| 24:12 | Create | Villager (Male) |
| 24:32 | Build | Mining Camp |
| 24:39 | Create | Villager (Male) |
| 24:39 | Create | Villager (Male) |
| 24:39 | Create | Villager (Male) |
| 24:43 | Create | Villager (Male) |
| 24:43 | Create | Villager (Male) |
| 24:49 | Research | Gold Shaft Mining |
| 25:17 | Build | Town Center |
| 25:31 | Create | Villager (Male) |
| 25:31 | Create | Villager (Male) |
| 25:32 | Create | Villager (Male) |
| 25:32 | Create | Villager (Male) |
| 26:10 | Build | Farm |
| 26:11 | Build | Farm |
| 26:11 | Build | Farm |
| 26:35 | Build | Mill |
| 26:38 | Build | Farm |
| 26:38 | Build | Farm |
| 26:39 | Build | Farm |
| 26:54 | Build | Mining Camp |
| 27:21 | Create | Villager (Male) |
| 27:21 | Create | Villager (Male) |
| 27:30 | Build | Mining Camp |
| 27:50 | Build | Castle |
| 28:05 | Build | House |
| 28:05 | Build | House |
| 28:05 | Build | House |
| 28:05 | Build | House |
| 28:07 | Build | House |
| 28:08 | Build | House |
| 28:40 | Build | Farm |
| 28:51 | Create | Villager (Male) |
| 28:51 | Create | Villager (Male) |
| 28:51 | Create | Villager (Male) |
| 28:51 | Create | Villager (Male) |
| 28:56 | Create | Villager (Male) |
| 28:56 | Create | Villager (Male) |
| 28:56 | Create | Villager (Male) |
| 28:57 | Create | Villager (Male) |
| 28:57 | Create | Villager (Male) |
| 29:01 | Create | Villager (Male) |
| 29:01 | Create | Villager (Male) |
| 29:02 | Create | Villager (Male) |
Build order — ClutchCroatian91
First 150 of 712 actions detected
| 0:04 | Build | House |
| 0:05 | Create | Villager (Male) |
| 0:05 | Create | Villager (Male) |
| 0:05 | Create | Villager (Male) |
| 0:06 | Create | Villager (Male) |
| 0:06 | Create | Villager (Male) |
| 0:06 | Create | Villager (Male) |
| 0:09 | Build | House |
| 1:40 | Create | Villager (Male) |
| 1:40 | Create | Villager (Male) |
| 1:40 | Create | Villager (Male) |
| 1:52 | Build | Lumber Camp |
| 2:09 | Create | Villager (Male) |
| 2:09 | Create | Villager (Male) |
| 2:40 | Build | House |
| 2:47 | Create | Villager (Male) |
| 2:47 | Create | Villager (Male) |
| 2:47 | Create | Villager (Male) |
| 3:19 | Create | Villager (Male) |
| 3:19 | Create | Villager (Male) |
| 3:54 | Build | Palisade Wall |
| 4:14 | Build | House |
| 5:41 | Build | Palisade Wall |
| 6:04 | Create | Villager (Male) |
| 6:04 | Create | Villager (Male) |
| 6:04 | Create | Villager (Male) |
| 6:04 | Create | Villager (Male) |
| 6:05 | Create | Villager (Male) |
| 6:05 | Create | Villager (Male) |
| 6:44 | Build | Mill |
| 7:15 | Build | Palisade Wall |
| 7:37 | Create | Villager (Male) |
| 7:38 | Create | Villager (Male) |
| 8:22 | Create | Villager (Male) |
| 8:22 | Create | Villager (Male) |
| 8:22 | Create | Villager (Male) |
| 8:30 | Build | Palisade Wall |
| 9:03 | Build | Palisade Wall |
| 9:11 | Build | Palisade Wall |
| 9:38 | Build | Farm |
| 9:53 | Build | Farm |
| 10:38 | Build | Palisade Wall |
| 10:58 | Build | Farm |
| 11:04 | Research | Feudal Age |
| 11:06 | Create | Villager (Male) |
| 11:06 | Create | Villager (Male) |
| 11:06 | Create | Villager (Male) |
| 12:05 | Build | Farm |
| 12:43 | Create | Villager (Male) |
| 12:43 | Create | Villager (Male) |
| 12:44 | Create | Villager (Male) |
| 12:45 | Create | Villager (Male) |
| 13:14 | Age | Feudal Age |
| 13:19 | Build | Market |
| 13:28 | Build | House |
| 13:47 | Build | Farm |
| 14:50 | Build | Barracks |
| 15:32 | Build | House |
| 16:22 | Build | Stable |
| 16:28 | Create | Villager (Male) |
| 16:29 | Create | Villager (Male) |
| 16:29 | Create | Villager (Male) |
| 16:29 | Create | Villager (Male) |
| 16:29 | Create | Villager (Male) |
| 16:29 | Create | Villager (Male) |
| 16:30 | Create | Villager (Male) |
| 16:30 | Create | Villager (Male) |
| 16:30 | Create | Villager (Male) |
| 16:30 | Create | Villager (Male) |
| 16:30 | Create | Villager (Male) |
| 16:53 | Research | Double-Bit Axe |
| 17:02 | Build | Farm |
| 17:27 | Research | Castle Age |
| 17:29 | Create | Villager (Male) |
| 17:36 | Build | Lumber Camp |
| 17:45 | Build | Farm |
| 18:09 | Build | Farm |
| 18:25 | Build | Farm |
| 18:49 | Create | Trade Cart |
| 19:17 | Build | Palisade Wall |
| 20:07 | Age | Castle Age |
| 20:12 | Build | Town Center |
| 20:31 | Research | Light Cavalry (upgrade) |
| 20:34 | Research | Husbandry |
| 20:36 | Research | Bloodlines |
| 20:44 | Build | Blacksmith |
| 20:52 | Create | Villager (Male) |
| 20:53 | Create | Villager (Male) |
| 20:53 | Create | Villager (Male) |
| 20:53 | Create | Villager (Male) |
| 20:53 | Create | Villager (Male) |
| 20:53 | Create | Villager (Male) |
| 20:53 | Create | Villager (Male) |
| 21:15 | Create | Villager (Male) |
| 21:15 | Create | Villager (Male) |
| 21:27 | Build | Monastery |
| 21:59 | Build | House |
| 22:03 | Build | House |
| 22:17 | Build | Farm |
| 22:32 | Create | Monk |
| 22:43 | Create | Villager (Male) |
| 22:43 | Create | Villager (Male) |
| 22:44 | Create | Villager (Male) |
| 22:44 | Create | Villager (Male) |
| 22:44 | Create | Villager (Male) |
| 22:44 | Create | Villager (Male) |
| 22:44 | Create | Villager (Male) |
| 22:59 | Build | Farm |
| 23:05 | Research | Horse Collar |
| 23:09 | Build | Farm |
| 23:21 | Create | Villager (Male) |
| 23:21 | Create | Villager (Male) |
| 23:29 | Build | House |
| 23:32 | Build | House |
| 23:34 | Build | House |
| 23:35 | Build | House |
| 23:37 | Build | House |
| 23:38 | Build | House |
| 23:39 | Build | House |
| 24:12 | Build | Farm |
| 24:17 | Build | Farm |
| 24:21 | Build | Farm |
| 24:28 | Build | Farm |
| 24:48 | Create | Trade Cart |
| 25:03 | Create | Villager (Male) |
| 25:04 | Create | Villager (Male) |
| 25:04 | Create | Villager (Male) |
| 25:04 | Create | Villager (Male) |
| 25:04 | Create | Villager (Male) |
| 25:04 | Create | Villager (Male) |
| 25:04 | Create | Villager (Male) |
| 25:04 | Create | Villager (Male) |
| 25:37 | Create | Villager (Male) |
| 25:38 | Create | Villager (Male) |
| 25:38 | Create | Villager (Male) |
| 25:38 | Create | Villager (Male) |
| 25:53 | Create | Villager (Male) |
| 25:53 | Create | Villager (Male) |
| 25:54 | Create | Villager (Male) |
| 26:10 | Build | Mining Camp |
| 26:18 | Research | Bow Saw |
| 26:28 | Build | Farm |
| 26:38 | Build | Farm |
| 27:04 | Build | Farm |
| 27:12 | Build | House |
| 27:14 | Build | House |
| 27:15 | Build | House |
| 27:17 | Build | House |
| 27:18 | Build | House |
| 27:20 | Build | House |
Build order — Breaker3E
First 150 of 466 actions detected
| 0:04 | Build | House |
| 0:04 | Create | Villager (Male) |
| 0:04 | Create | Villager (Male) |
| 0:04 | Create | Villager (Male) |
| 0:06 | Build | House |
| 0:20 | Create | Villager (Male) |
| 0:21 | Create | Villager (Male) |
| 1:42 | Create | Villager (Male) |
| 1:52 | Build | Lumber Camp |
| 2:20 | Create | Villager (Male) |
| 2:20 | Create | Villager (Male) |
| 2:58 | Create | Villager (Male) |
| 3:48 | Create | Villager (Male) |
| 3:48 | Create | Villager (Male) |
| 4:14 | Build | Mill |
| 4:25 | Create | Villager (Male) |
| 5:28 | Create | Villager (Male) |
| 5:28 | Create | Villager (Male) |
| 6:19 | Build | House |
| 6:43 | Create | Villager (Male) |
| 6:44 | Create | Villager (Male) |
| 7:11 | Create | Villager (Male) |
| 7:38 | Create | Villager (Male) |
| 7:38 | Create | Villager (Male) |
| 7:38 | Create | Villager (Male) |
| 8:30 | Create | Villager (Male) |
| 9:32 | Create | Villager (Male) |
| 9:40 | Build | House |
| 9:52 | Create | Villager (Male) |
| 9:53 | Research | Loom |
| 11:02 | Research | Feudal Age |
| 11:33 | Build | Farm |
| 11:34 | Build | Farm |
| 11:34 | Build | Farm |
| 11:35 | Build | Farm |
| 11:45 | Build | Barracks |
| 12:36 | Build | House |
| 13:05 | Create | Villager (Male) |
| 13:06 | Create | Villager (Male) |
| 13:13 | Create | Villager (Male) |
| 13:29 | Build | Mining Camp |
| 14:02 | Build | Mill |
| 14:33 | Build | Market |
| 14:37 | Build | Blacksmith |
| 15:40 | Create | Villager (Male) |
| 15:44 | Create | Villager (Male) |
| 16:04 | Build | Lumber Camp |
| 17:05 | Research | Castle Age |
| 17:08 | Research | Double-Bit Axe |
| 17:20 | Research | Horse Collar |
| 17:55 | Build | Farm |
| 17:55 | Build | Farm |
| 17:55 | Build | Farm |
| 17:56 | Build | Farm |
| 17:57 | Build | Farm |
| 18:24 | Research | Scale Mail Armor |
| 18:35 | Build | Barracks |
| 18:39 | Build | Barracks |
| 18:59 | Create | Spearman |
| 19:00 | Create | Spearman |
| 19:06 | Create | Villager (Male) |
| 19:06 | Create | Villager (Male) |
| 19:47 | Research | Bow Saw |
| 20:08 | Build | House |
| 20:46 | Build | Town Center |
| 21:06 | Create | Villager (Male) |
| 21:16 | Build | Farm |
| 21:33 | Build | Town Center |
| 21:36 | Create | Villager (Male) |
| 21:39 | Create | Villager (Male) |
| 22:00 | Research | Pikeman (upgrade) |
| 22:18 | Create | Villager (Male) |
| 22:19 | Create | Villager (Male) |
| 22:26 | Create | Villager (Male) |
| 22:54 | Create | Villager (Male) |
| 22:54 | Create | Villager (Male) |
| 23:18 | Create | Villager (Male) |
| 23:18 | Create | Villager (Male) |
| 23:40 | Build | Farm |
| 23:50 | Create | Villager (Male) |
| 24:18 | Create | Villager (Male) |
| 24:19 | Create | Villager (Male) |
| 24:21 | Create | Villager (Male) |
| 24:21 | Create | Villager (Male) |
| 24:23 | Create | Villager (Male) |
| 24:28 | Build | Farm |
| 24:38 | Build | Farm |
| 24:38 | Build | Farm |
| 24:38 | Build | Farm |
| 24:38 | Build | Farm |
| 24:40 | Build | Farm |
| 24:59 | Build | Farm |
| 25:15 | Research | Squires |
| 25:20 | Create | Spearman |
| 25:25 | Build | Farm |
| 25:27 | Build | Farm |
| 25:28 | Build | Farm |
| 25:41 | Create | Spearman ×5 |
| 25:41 | Create | Spearman ×3 |
| 26:15 | Create | Villager (Male) |
| 26:15 | Create | Villager (Male) |
| 26:16 | Create | Villager (Male) |
| 26:17 | Create | Villager (Male) |
| 27:03 | Build | House |
| 27:05 | Build | House |
| 27:08 | Build | House |
| 27:09 | Build | House |
| 27:10 | Build | House |
| 27:13 | Build | Farm |
| 27:15 | Create | Villager (Male) |
| 27:22 | Create | Villager (Male) |
| 27:22 | Create | Villager (Male) |
| 27:24 | Build | Farm |
| 27:28 | Create | Spearman ×5 |
| 27:29 | Create | Spearman ×3 |
| 27:55 | Build | Palisade Wall |
| 28:05 | Create | Villager (Male) |
| 28:06 | Create | Villager (Male) |
| 28:11 | Build | Farm |
| 28:45 | Build | Farm |
| 28:54 | Create | Villager (Male) |
| 28:58 | Create | Villager (Male) |
| 29:11 | Create | Spearman ×5 |
| 29:12 | Create | Spearman ×5 |
| 29:12 | Create | Spearman ×3 |
| 29:16 | Build | Farm |
| 29:27 | Create | Villager (Male) |
| 29:28 | Create | Villager (Male) |
| 30:01 | Build | Farm |
| 30:13 | Build | Palisade Gate |
| 30:16 | Build | Farm |
| 30:25 | Create | Villager (Male) |
| 30:27 | Create | Villager (Male) |
| 30:28 | Create | Villager (Male) |
| 30:31 | Create | Villager (Male) |
| 30:32 | Create | Villager (Male) |
| 30:39 | Research | Wheelbarrow |
| 30:46 | Build | House |
| 30:49 | Build | House |
| 30:51 | Build | House |
| 31:14 | Build | Farm |
| 31:23 | Create | Villager (Male) |
| 31:24 | Create | Villager (Male) |
| 32:18 | Build | Castle |
| 32:26 | Build | House |
| 32:56 | Research | Hand Cart |
| 32:57 | Create | Villager (Male) |
| 32:58 | Create | Villager (Male) |
| 32:59 | Create | Villager (Male) |
| 33:00 | Create | Villager (Male) |
Build order — Maxi Greco32
First 150 of 384 actions detected
| 0:07 | Build | House |
| 0:07 | Build | House |
| 0:07 | Build | House |
| 0:10 | Create | Villager (Male) ×4 |
| 0:11 | Create | Villager (Male) |
| 0:11 | Create | Villager (Male) |
| 1:42 | Create | Villager (Male) |
| 2:13 | Create | Villager (Male) |
| 2:51 | Create | Villager (Male) |
| 2:57 | Research | Loom |
| 3:28 | Build | Palisade Wall |
| 3:48 | Build | Palisade Wall |
| 4:20 | Create | Villager (Male) |
| 4:20 | Create | Villager (Male) |
| 4:20 | Create | Villager (Male) |
| 4:20 | Create | Villager (Male) |
| 4:53 | Create | Villager (Male) |
| 4:54 | Create | Villager (Male) |
| 4:54 | Create | Villager (Male) |
| 5:12 | Build | Palisade Wall |
| 5:32 | Create | Villager (Male) |
| 5:33 | Create | Villager (Male) |
| 6:08 | Build | House |
| 6:28 | Build | Palisade Wall |
| 7:12 | Create | Villager (Male) |
| 7:13 | Create | Villager (Male) |
| 7:21 | Build | House |
| 7:27 | Build | House |
| 7:46 | Build | House |
| 8:11 | Create | Villager (Male) |
| 8:11 | Create | Villager (Male) |
| 8:28 | Build | Mill |
| 9:11 | Build | Lumber Camp |
| 10:01 | Build | Mill |
| 10:47 | Build | House |
| 10:51 | Research | Feudal Age |
| 12:06 | Build | House |
| 12:10 | Build | House |
| 12:16 | Build | House |
| 13:10 | Create | Villager (Male) |
| 13:10 | Create | Villager (Male) |
| 13:11 | Create | Villager (Male) |
| 13:11 | Create | Villager (Male) |
| 13:12 | Create | Villager (Male) |
| 13:47 | Build | House |
| 13:56 | Build | Mining Camp |
| 14:02 | Create | Villager (Male) |
| 15:10 | Research | Wheelbarrow |
| 15:16 | Research | Gold Mining |
| 16:16 | Build | Stone Wall |
| 16:31 | Research | Double-Bit Axe |
| 16:59 | Build | Stone Wall |
| 17:24 | Build | Barracks |
| 18:16 | Build | Stable |
| 19:05 | Build | Mining Camp |
| 19:13 | Create | Scout Cavalry |
| 19:18 | Build | Archery Range |
| 19:45 | Create | Skirmisher |
| 19:45 | Create | Skirmisher |
| 19:48 | Create | Spearman |
| 19:49 | Create | Spearman |
| 19:58 | Build | Lumber Camp |
| 20:31 | Build | Stone Wall |
| 21:16 | Create | Skirmisher |
| 21:18 | Create | Archer |
| 21:20 | Create | Archer |
| 21:20 | Create | Archer |
| 21:22 | Create | Archer |
| 21:23 | Create | Archer |
| 21:24 | Create | Archer |
| 22:12 | Build | Market |
| 22:17 | Build | Blacksmith |
| 23:06 | Create | Archer |
| 23:07 | Create | Archer |
| 23:22 | Build | Gate |
| 23:40 | Research | Town Watch |
| 24:19 | Build | Mill |
| 24:33 | Research | Castle Age |
| 25:30 | Build | Mining Camp |
| 25:42 | Build | Stable |
| 26:51 | Build | Stone Wall |
| 27:18 | Build | Stone Wall |
| 27:52 | Build | Dock |
| 27:57 | Create | Knight |
| 27:58 | Create | Knight |
| 28:01 | Create | Knight |
| 28:03 | Create | Knight |
| 28:04 | Create | Knight |
| 28:19 | Create | Knight |
| 28:23 | Research | Husbandry |
| 28:44 | Build | Stone Wall |
| 29:06 | Build | Stable |
| 29:11 | Create | Fishing Ship |
| 29:13 | Create | Fishing Ship |
| 29:14 | Create | Fishing Ship |
| 29:25 | Create | Villager (Male) |
| 29:26 | Create | Villager (Male) |
| 29:26 | Create | Villager (Male) |
| 30:06 | Build | House |
| 30:11 | Build | House |
| 30:15 | Build | House |
| 30:28 | Build | Farm |
| 30:33 | Build | Farm |
| 30:38 | Build | Farm |
| 30:46 | Build | Farm |
| 31:05 | Build | Farm |
| 31:08 | Build | Farm |
| 31:12 | Build | Farm |
| 31:17 | Build | Farm |
| 31:48 | Create | Villager (Male) |
| 31:48 | Create | Villager (Male) |
| 31:50 | Create | Villager (Male) |
| 32:26 | Build | Fish Trap |
| 32:32 | Build | Fish Trap |
| 32:44 | Build | Fish Trap |
| 32:52 | Create | Knight |
| 32:54 | Create | Knight |
| 32:57 | Create | Knight |
| 33:06 | Build | Farm |
| 33:15 | Build | Farm |
| 33:21 | Build | Farm |
| 33:26 | Create | Villager (Male) |
| 33:27 | Create | Villager (Male) |
| 33:49 | Build | Monastery |
| 34:15 | Research | Bow Saw |
| 34:33 | Build | Farm |
| 34:47 | Build | Farm |
| 35:35 | Build | Town Center |
| 36:36 | Research | Hand Cart |
| 38:17 | Build | University |
| 38:27 | Create | Villager (Male) |
| 38:27 | Create | Villager (Male) |
| 38:28 | Create | Villager (Male) |
| 38:30 | Create | Villager (Male) |
| 39:07 | Research | Gold Shaft Mining |
| 39:27 | Research | Imperial Age |
| 39:33 | Research | Murder Holes |
| 39:37 | Research | Fortified Wall (upgrade) |
| 39:48 | Build | Town Center |
| 39:52 | Create | Villager (Male) |
| 39:53 | Create | Villager (Male) |
| 40:03 | Research | Stone Mining |
| 40:58 | Create | Villager (Male) |
| 40:58 | Create | Villager (Male) |
| 41:19 | Create | Villager (Male) |
| 41:20 | Create | Villager (Male) |
| 41:21 | Create | Villager (Male) |
| 41:22 | Create | Villager (Male) |
| 41:44 | Build | Lumber Camp |
| 42:07 | Create | Villager (Male) |
Build order — Slender210
First 150 of 664 actions detected
| 0:02 | Create | Villager (Male) |
| 0:02 | Create | Villager (Male) |
| 0:02 | Create | Villager (Male) |
| 0:03 | Build | House |
| 0:04 | Build | House |
| 0:43 | Create | Villager (Male) |
| 1:31 | Create | Villager (Male) |
| 1:52 | Build | Lumber Camp |
| 1:54 | Create | Villager (Male) |
| 2:20 | Create | Villager (Male) |
| 2:36 | Build | House |
| 3:42 | Create | Villager (Male) |
| 3:43 | Create | Villager (Male) |
| 3:54 | Create | Villager (Male) |
| 4:25 | Create | Villager (Male) |
| 4:47 | Build | Mill |
| 5:01 | Build | Palisade Wall |
| 5:07 | Build | Palisade Wall |
| 5:19 | Create | Villager (Male) |
| 5:43 | Create | Villager (Male) |
| 5:54 | Create | Villager (Male) |
| 7:35 | Create | Villager (Male) |
| 7:35 | Create | Villager (Male) |
| 7:44 | Build | Palisade Wall |
| 7:45 | Create | Villager (Male) |
| 8:19 | Build | Palisade Gate |
| 8:24 | Build | Palisade Wall |
| 8:28 | Build | House |
| 9:02 | Create | Villager (Male) |
| 9:34 | Research | Feudal Age |
| 9:59 | Build | Lumber Camp |
| 10:09 | Build | Barracks |
| 11:32 | Build | Mining Camp |
| 11:42 | Build | Mining Camp |
| 11:47 | Create | Villager (Male) |
| 11:48 | Create | Villager (Male) |
| 11:58 | Create | Militia |
| 11:59 | Create | Militia |
| 11:59 | Create | Militia |
| 12:37 | Create | Villager (Male) |
| 12:40 | Create | Villager (Male) |
| 12:44 | Research | Man-at-Arms (upgrade) |
| 13:25 | Build | Blacksmith |
| 13:30 | Build | Market |
| 13:42 | Build | House |
| 13:42 | Build | House |
| 13:42 | Build | House |
| 13:42 | Build | House |
| 13:42 | Build | House |
| 13:44 | Build | House |
| 13:52 | Create | Villager (Male) |
| 13:52 | Create | Villager (Male) |
| 14:13 | Create | Militia |
| 14:13 | Create | Militia |
| 14:13 | Research | Arson |
| 16:28 | Create | Villager (Male) |
| 16:28 | Create | Villager (Male) |
| 16:41 | Create | Villager (Male) |
| 16:41 | Create | Villager (Male) |
| 18:24 | Build | Farm |
| 18:24 | Build | Farm |
| 18:25 | Build | Farm |
| 18:25 | Build | Farm |
| 18:25 | Build | Farm |
| 18:25 | Build | Farm |
| 18:28 | Build | Farm |
| 18:34 | Research | Horse Collar |
| 19:19 | Research | Castle Age |
| 20:38 | Build | Farm |
| 20:38 | Build | Farm |
| 20:38 | Build | Farm |
| 20:38 | Build | Farm |
| 20:38 | Build | Farm |
| 21:05 | Build | Mining Camp |
| 21:12 | Research | Double-Bit Axe |
| 21:14 | Research | Gold Mining |
| 21:23 | Create | Militia |
| 21:23 | Create | Militia |
| 21:23 | Create | Militia |
| 22:03 | Build | Town Center |
| 22:10 | Create | Villager (Male) |
| 22:10 | Create | Villager (Male) |
| 22:10 | Create | Villager (Male) |
| 22:12 | Create | Villager (Male) |
| 23:27 | Build | Town Center |
| 23:30 | Create | Villager (Male) |
| 23:30 | Create | Villager (Male) |
| 23:30 | Create | Villager (Male) |
| 23:36 | Create | Villager (Male) |
| 23:36 | Create | Villager (Male) |
| 23:55 | Create | Villager (Male) |
| 23:56 | Create | Villager (Male) |
| 24:07 | Build | House |
| 24:08 | Build | House |
| 24:09 | Build | House |
| 24:11 | Build | House |
| 24:14 | Build | House |
| 24:16 | Build | House |
| 24:46 | Create | Villager (Male) |
| 24:46 | Create | Villager (Male) |
| 24:48 | Create | Villager (Male) |
| 25:03 | Create | Villager (Male) |
| 25:03 | Create | Villager (Male) |
| 25:18 | Create | Villager (Male) |
| 25:18 | Create | Villager (Male) |
| 25:21 | Build | Farm |
| 25:29 | Create | Villager (Male) |
| 25:39 | Create | Villager (Male) |
| 25:39 | Create | Villager (Male) |
| 25:39 | Create | Villager (Male) |
| 25:42 | Research | Heavy Plow |
| 25:46 | Build | Farm |
| 26:01 | Create | Villager (Male) |
| 26:10 | Build | Mining Camp |
| 26:25 | Create | Villager (Male) |
| 26:25 | Create | Villager (Male) |
| 26:25 | Create | Villager (Male) |
| 26:39 | Build | House |
| 26:39 | Build | House |
| 26:40 | Build | House |
| 26:41 | Build | House |
| 26:45 | Build | Farm |
| 26:50 | Create | Villager (Male) |
| 26:50 | Create | Villager (Male) |
| 26:58 | Build | Farm |
| 27:11 | Research | Long Swordsman (upgrade) |
| 27:29 | Create | Villager (Male) |
| 27:30 | Create | Villager (Male) |
| 28:05 | Create | Villager (Male) |
| 28:05 | Create | Villager (Male) |
| 28:05 | Create | Villager (Male) |
| 28:34 | Research | Scale Mail Armor |
| 28:35 | Research | Padded Archer Armor |
| 28:38 | Research | Gambesons |
| 28:53 | Build | Farm |
| 29:03 | Build | Barracks |
| 29:03 | Build | Barracks |
| 29:03 | Build | Barracks |
| 29:06 | Build | Barracks |
| 29:26 | Build | Farm |
| 29:27 | Build | Farm |
| 29:27 | Build | Farm |
| 29:27 | Build | Farm |
| 29:30 | Create | Villager (Male) |
| 29:30 | Create | Villager (Male) |
| 29:37 | Research | Chain Mail Armor |
| 29:56 | Create | Villager (Male) |
| 29:57 | Create | Villager (Male) |
| 29:57 | Create | Villager (Male) |
| 30:08 | Create | Militia |
Match timeline
| 1:13 | pablo.o.tabernero · wall_segment Palisade Wall x11 |
| 2:32 | GRECOCHI32 · wall_segment Palisade Wall x9 |
| 3:28 | Maxi Greco32 · wall_segment Palisade Wall x9 |
| 3:48 | Maxi Greco32 · wall_segment Palisade Wall x4 |
| 3:54 | ClutchCroatian91 · wall_segment Palisade Wall x6 |
| 5:01 | Slender210 · wall_segment Palisade Wall x8 |
| 5:07 | Slender210 · wall_segment Palisade Wall x5 |
| 5:12 | Maxi Greco32 · wall_segment Palisade Wall x10 |
| 5:41 | ClutchCroatian91 · wall_segment Palisade Wall x19 |
| 6:28 | Maxi Greco32 · wall_segment Palisade Wall x1 |
| 7:15 | ClutchCroatian91 · wall_segment Palisade Wall x9 |
| 7:44 | Slender210 · wall_segment Palisade Wall x5 |
| 8:24 | Slender210 · wall_segment Palisade Wall x7 |
| 8:30 | ClutchCroatian91 · wall_segment Palisade Wall x8 |
| 9:03 | ClutchCroatian91 · wall_segment Palisade Wall x8 |
| 9:11 | ClutchCroatian91 · wall_segment Palisade Wall x1 |
| 10:09 | Slender210 · first_building Barracks |
| 10:38 | ClutchCroatian91 · wall_segment Palisade Wall x18 |
| 11:04 | pablo.o.tabernero · age_up feudal |
| 11:45 | Breaker3E · first_building Barracks |
| 13:14 | ClutchCroatian91 · age_up feudal |
| 14:22 | ClutchCroatian91 · first_market_sell 100 stone |
| 14:25 | GRECOCHI32 · wall_segment Stone Wall x14 |
| 14:50 | ClutchCroatian91 · first_building Barracks |
| 15:12 | GRECOCHI32 · first_building Barracks |
| 15:30 | GRECOCHI32 · wall_segment Stone Wall x6 |
| 16:16 | Maxi Greco32 · wall_segment Stone Wall x4 |
| 16:22 | ClutchCroatian91 · first_building Stable |
| 16:22 | GRECOCHI32 · first_building Stable |
| 16:28 | Slender210 · first_market_sell 100 wood |
| 16:33 | Slender210 · first_market_buy 100 food |
| 16:59 | Maxi Greco32 · wall_segment Stone Wall x9 |
| 17:24 | Maxi Greco32 · first_building Barracks |
| 18:11 | pablo.o.tabernero · age_up castle |
| 18:16 | Maxi Greco32 · first_building Stable |
| 19:17 | ClutchCroatian91 · wall_segment Palisade Wall x1 |
| 19:18 | Maxi Greco32 · first_building Archery Range |
| 20:07 | ClutchCroatian91 · age_up castle |
| 20:31 | Maxi Greco32 · wall_segment Stone Wall x20 |
| 21:00 | pablo.o.tabernero · first_building Barracks |
| 21:21 | Breaker3E · first_market_sell 100 food |
| 21:23 | Breaker3E · first_market_buy 100 wood |
| 21:27 | ClutchCroatian91 · first_building Monastery |
| 22:02 | GRECOCHI32 · first_market_buy 100 food |
| 22:26 | GRECOCHI32 · first_market_sell 100 stone |
| 23:48 | Maxi Greco32 · first_market_buy 100 food |
| 23:50 | GRECOCHI32 · first_building Archery Range |
| 23:53 | pablo.o.tabernero · wall_segment Stone Wall x13 |
| 24:01 | Maxi Greco32 · first_market_sell 100 wood |
| 26:51 | Maxi Greco32 · wall_segment Stone Wall x8 |
| 27:18 | Maxi Greco32 · wall_segment Stone Wall x4 |
| 27:50 | pablo.o.tabernero · first_building Castle |
| 27:52 | Maxi Greco32 · first_building Dock |
| 27:55 | Breaker3E · wall_segment Palisade Wall x13 |
| 28:44 | Maxi Greco32 · wall_segment Stone Wall x16 |
| 30:23 | GRECOCHI32 · first_building Monastery |
| 30:24 | pablo.o.tabernero · first_building Archery Range |
| 30:40 | Slender210 · first_building Castle |
| 32:18 | Breaker3E · first_building Castle |
| 32:58 | GRECOCHI32 · first_building Castle |
| 33:46 | ClutchCroatian91 · first_building Castle |
| 33:49 | Maxi Greco32 · first_building Monastery |
| 35:22 | Slender210 · first_building Monastery |
| 36:31 | ClutchCroatian91 · age_up imperial |
| 38:53 | Slender210 · first_building Siege Workshop |
| 39:59 | pablo.o.tabernero · age_up imperial |
| 40:52 | pablo.o.tabernero · first_market_sell 100 wood |
| 41:00 | pablo.o.tabernero · first_market_buy 100 food |
| 48:54 | Maxi Greco32 · first_building Castle |
| 51:36 | Slender210 · wall_segment Stone Wall x9 |
| 53:17 | pablo.o.tabernero · resign |
| 58:46 | ClutchCroatian91 · wall_segment Stone Wall x6 |
| 58:56 | Breaker3E · first_building Monastery |
| 60:55 | GRECOCHI32 · wall_segment Stone Wall x18 |
| 65:29 | GRECOCHI32 · wall_segment Stone Wall x31 |
| 67:46 | Breaker3E · wall_segment Palisade Wall x11 |
| 68:22 | GRECOCHI32 · wall_segment Stone Wall x6 |
| 68:25 | GRECOCHI32 · wall_segment Stone Wall x9 |
| 68:33 | Breaker3E · first_building Siege Workshop |
| 79:43 | ClutchCroatian91 · wall_segment Stone Wall x18 |
| 80:02 | GRECOCHI32 · wall_segment Stone Wall x7 |
| 80:34 | Breaker3E · wall_segment Palisade Wall x9 |
| 80:56 | ClutchCroatian91 · tribute_sent a jugador 1 |
| 80:56 | ClutchCroatian91 · tribute_sent a jugador 3 |
| 80:56 | ClutchCroatian91 · tribute_sent a jugador 4 |
| 80:56 | ClutchCroatian91 · tribute_sent a jugador 5 |
| 80:56 | ClutchCroatian91 · tribute_sent a jugador 6 |
| 82:33 | Breaker3E · wall_segment Palisade Wall x17 |
| 84:44 | ClutchCroatian91 · wall_segment Stone Wall x7 |
| 85:00 | Breaker3E · wall_segment Palisade Wall x11 |
| 86:14 | ClutchCroatian91 · wall_segment Stone Wall x1 |
| 86:50 | ClutchCroatian91 · tribute_sent a jugador 1 |
| 86:50 | ClutchCroatian91 · tribute_sent a jugador 3 |
| 86:50 | ClutchCroatian91 · tribute_sent a jugador 4 |
| 86:50 | ClutchCroatian91 · tribute_sent a jugador 5 |
| 86:50 | ClutchCroatian91 · tribute_sent a jugador 6 |
| 88:21 | ClutchCroatian91 · wall_segment Stone Wall x12 |
| 88:34 | ClutchCroatian91 · tribute_sent a jugador 1 |
| 88:34 | ClutchCroatian91 · tribute_sent a jugador 3 |
| 88:34 | ClutchCroatian91 · tribute_sent a jugador 4 |
| 88:34 | ClutchCroatian91 · tribute_sent a jugador 5 |
| 88:34 | ClutchCroatian91 · tribute_sent a jugador 6 |
[ AI ANALYSIS · 1 CREDIT ]
What really happened in this match?
Wolo.gg analyzes every decision: build order, eco, micro, common mistakes by bracket. Personalized analysis on WhatsApp or Discord in 30 seconds.
Civ guide
Mongols
Perfil
Jugador #15285521